 Dungeon Crawl Stone Soup version 0.28.0 (webtiles) character file.

Game seed: 13268130499234483935

85727 jfcaron the Prestidigitator (level 15, -6/106 (108) HPs)
             Began as a Gnoll Wanderer on Feb 9, 2022.
             Was an Initiate of Lugonu.
             Mangled by a large slime creature (9 damage)
             ... on level 13 of the Dungeon on Feb 11, 2022.
             The game lasted 01:59:20 (33145 turns).

jfcaron the Prestidigitator (Gnoll Wanderer)       Turns: 33145, Time: 01:59:21

HP:   -6/106 (108)  AC: 23    Str: 14      XL:     15   Next: 84%
MP:   29/29         EV:  3    Int: 15 (17) God:    Lugonu [......]
Gold: 401           SH: 15    Dex: 16      Spells: 9/34 levels left

rFire   + . .      SeeInvis +   a - +5 long sword "Itadwal" {drain, Dex+5}
rCold   x . .      Faith    .   n - +0 tower shield
rNeg    . . .      Spirit   .   C - +5 plate armour of the Turtle {*Corrode rElec rPois Int+2}
rPois   +          Reflect  .   P - +0 helmet {SInv}
rElec   +          Harm     .   r - +0 cloak
rCorr   .          Rampage  .   g - +0 pair of gloves
Will    +....                   G - +0 pair of boots
Stlth   ..........              D - amulet of magic regeneration
HPRegen 0.27/turn               w - +4 ring of slaying
MPRegen 0.61/turn               l - ring of fire

@: lightly drained
A: fangs 1, strong nose, distributed training, frail 1, [weak 1]
a: Renounce Religion


You were on level 13 of the Dungeon.
You worshipped Lugonu.
Lugonu was noncommittal.
You visited 4 branches of the dungeon, and saw 22 of its levels.
You visited the Abyss 1 time.
You also visited: Ice Cave.

You collected 2763 gold pieces.
You spent 1499 gold pieces at shops.
You paid 863 gold pieces to Gozag.

Inventory:

Hand Weapons
 a - the +5 long sword "Itadwal" (weapon) {drain, Dex+5}
   (You bought it in a shop on level 2 of the Orcish Mines)

   A truly terrible weapon, it drains the life of any living foe it strikes.
   Dex:       It affects your dexterity (+5).
 b - the +0 hand crossbow "Raifeohuma" {vorpal, Str+3 Int+3}
   (You bought it in a shop on level 2 of the Orcish Mines)

   Any ammunition fired from it inflicts extra damage upon your enemies.
   Str:       It affects your strength (+3).
   Int:       It affects your intelligence (+3).
Missiles
 d - 108 bolts
 e - 2 curare-tipped darts {!f}
 p - 3 boomerangs of dispersal {!f}
 s - 9 javelins (quivered)
 z - 19 poisoned darts
 A - 14 atropa-tipped darts {!f}
 K - a silver boomerang
 O - a throwing net {!f}
Armour
 g - a +0 pair of gloves (worn)
 n - a +0 tower shield (worn)
 r - a +0 cloak (worn)
 C - the +5 plate armour of the Turtle (worn) {*Corrode rElec rPois Int+2}
   (You found it on level 3 of the Dungeon)

   Int:       It affects your intelligence (+2).
   rElec:     It insulates you from electricity.
   rPois:     It protects you from poison.
   *Corrode:  It may corrode you when you take damage.
 G - a +0 pair of boots (worn)
 P - a +0 helmet of see invisible (worn)
Jewellery
 l - a ring of fire (right hand)
 o - a ring of resist corrosion
 w - a +4 ring of slaying (left hand)
 D - an amulet of magic regeneration (around neck)
 U - a ring of protection from cold
 Z - a ring of fire
Wands
 u - a wand of paralysis (4)
 L - a wand of digging (7)
 N - a wand of charming (2)
Scrolls
 h - 4 scrolls of teleportation
 j - 3 scrolls of vulnerability
 m - a scroll of blinking
 q - a scroll of immolation
 x - 7 scrolls of fear
 y - 2 scrolls of silence
 B - 4 scrolls of enchant weapon
 F - 8 scrolls of fog
 R - 3 scrolls of amnesia
 V - a scroll of enchant armour {unknown}
 W - 4 scrolls of magic mapping
Potions
 f - 2 potions of brilliance
 i - 3 potions of magic
 k - a potion of cancellation
 t - 4 potions of mutation
 H - 6 potions of attraction
 I - 3 potions of haste
 J - 6 potions of curing
 M - 3 potions of invisibility
 Q - 2 potions of flight
 S - 3 potions of ambrosia
 T - a potion of might
 X - a potion of lignification
 Y - a potion of berserk rage
Miscellaneous
 c - a condenser vane (inert)
 v - a piece from Xom's chessboard (14/15)
 E - a lightning rod (1/4)


   Skills:
 + Level 12.2(8.2) Fighting
 + Level 10.4(6.4) Short Blades
 + Level 10.4(6.4) Long Blades
 + Level 10.4(6.4) Axes
 + Level 11.4(7.4) Maces & Flails
 + Level 10.4(6.4) Polearms
 + Level 10.4(6.4) Staves
 + Level 10.4(6.4) Slings
 + Level 10.4(6.4) Bows
 + Level 10.4(6.4) Crossbows
 + Level 10.4(6.4) Throwing
 + Level 10.7(6.7) Armour
 + Level 10.4(6.4) Dodging
 + Level 10.4(6.4) Stealth
 + Level 10.4(6.4) Shields
 + Level 10.4(6.4) Unarmed Combat
 + Level 10.4(6.4) Spellcasting
 + Level 8.7(4.7) Conjurations
 + Level 8.7(4.7) Hexes
 + Level 8.7(4.7) Summonings
 + Level 8.7(4.7) Necromancy
 + Level 8.7(4.7) Translocations
 + Level 8.7(4.7) Transmutations
 + Level 8.7(4.7) Fire Magic
 + Level 8.7(4.7) Ice Magic
 + Level 8.7(4.7) Air Magic
 + Level 8.7(4.7) Earth Magic
 + Level 8.7(4.7) Poison Magic
 + Level 11.3(7.3) Invocations
 + Level 13.2(9.2) Evocations


You had 9 spell levels left.
You knew the following spells:

 Your Spells              Type           Power      Damage    Failure   Level
a - Animate Skeleton      Necr           38%        N/A       100%        1
b - Corpse Rot            Necr/Air       38%        N/A       100%        2
c - Poisonous Vapours     Pois/Air       38%        N/A       100%        2
d - Vampiric Draining     Necr           19%        2d7       100%        3
e - Blink                 Tloc           38%        N/A       100%        2
f - Lee's Rapid Deconstr  Erth           9%         3d8*      100%        5
g - Irradiate             Conj/Tmut      9%         3d16      100%        5
h - Summon Forest         Summ/Tloc      9%         N/A       100%        5

Your spell library contained the following spells:

 Spells                   Type           Power      Damage    Failure   Level
 Pain                     Necr           76%        1d7       100%        1
 Conjure Flame            Conj/Fire      28%        6-21      100%        3
 Dazzling Flash           Conj/Hex       38%        N/A       100%        3
 Ignite Poison            Fire/Tmut/Pois 28%        N/A       100%        3
 Teleport Other           Tloc           19%        N/A       100%        3
 Fulminant Prism          Conj/Hex       9%         3d7       100%        4
 Hailstorm                Conj/Ice       19%        3d6       100%        4
 Ice Form                 Ice/Tmut       19%        N/A       100%        4
 Iskenderun's Mystic Bla  Conj/Tloc      19%        2d6       100%        4
 Sticky Flame             Conj/Fire      28%        2d5       100%        4
 Agony                    Necr           19%        N/A       100%        5
 Blade Hands              Tmut           9%         N/A       100%        5
 Silence                  Hex/Air        9%         N/A       100%        5
 Simulacrum               Ice/Necr       9%         N/A       100%        6
 Dragon Form              Tmut           9%         N/A       100%        7
 Malign Gateway           Summ/Tloc      9%         N/A       100%        7
 Summon Horrible Things   Summ           9%         N/A       100%        8


Dungeon Overview and Level Annotations

Branches:
Dungeon (13/15)            Temple (1/1) D:7            Lair (6/6) D:9
 Shoals (0/4) Lair:3        Snake (0/4) Lair:4        Slime (0/5) Lair:6
    Orc (2/2) D:9             Elf (0/3) Orc:2         IceCv (visited)
 Vaults: D:13-14

Altars:
Ashenzari
Cheibriados
Dithmenos
Elyvilon
Fedhas
Gozag
Hepliaklqana
Kikubaaqudgha
Makhleb
Nemelex Xobeh
Okawaru
Qazlal
Ru
Sif Muna
Trog
Uskayaw
Vehumet
Wu Jian
Xom
Yredelemnul
Zin
The Shining One
Beogh

Shops:
D:3 [   D:6 :   D:8 *   Orc:1 (:   Orc:2 [([!

Annotations:
D:9 3 runed translucent doors, PerfectTommy's ghost, novice MiBe


Innate Abilities, Weirdness & Mutations

You have very sharp teeth.
Your uncanny sense of smell can sniff out nearby items.
Your experience applies equally to all skills.
You are frail. (-10% HP)
[You are weak. (Str -2)]


Message History

A slime creature comes into view.
Gozag incites the slime creature against you.
The slime creature goes berserk!
You block the slime creature's attack.
You hit the slime creature. You drain the slime creature.
You bite the slime creature.
The slime creature is heavily wounded.
The slime creature hits you. x2
A slime creature comes into view.
The slime creature barely misses you.
The slime creature quivers.
You slash the slime creature!
The slime creature is severely wounded.
You block the slime creature's attack.
The slime creature hits you but does no damage.
You slash the slime creature!
The slime creature is severely wounded.
You slash the slime creature!
The slime creature is lightly wounded.
The slime creature hits you! You block the slime creature's attack.
You slash the slime creature! You drain the slime creature.
You bite the slime creature.
The slime creature is almost dead.
You block the slime creature's attack. The slime creature hits you!
You block the slime creature's attack. The slime creature hits you.
Two slime creatures merge to form a large slime creature.
The slime creature hits you but does no damage.
You block the slime creature's attack.
You barely miss the slime creature.
The slime creature is almost dead.
You block the slime creature's attack. The large slime creature hits you!
The slime creature hits you! The large slime creature hits you!!
* * * LOW HITPOINT WARNING * * *
Unknown command.
You slash the slime creature!
The slime creature is almost dead.
The slime creature hits you!!
* * * LOW HITPOINT WARNING * * *
The large slime creature hits you but does no damage.
You block the slime creature's attack. The large slime creature hits you!
You die...

................).#.(...#.....#
#################.########'''##
# ........).#∆∆ .....# #
.......)..#∆ '.....# #
....^.....# .'..⌠..# #
..........#∆ ..'.....# #
..........#∆∆...#.....#
#.................######
#...............@.......
#..............(JJ(.....
...............$........
........................
..................:.....
........................
#.<.....................
.....(................(.
.......................(


You could see a large slime creature (berserk, incited) and a slime creature
(berserk, incited, drained).

Vanquished Creatures
  Gastronok (Lair:1)
  A sphinx (Orc:1)
  A frost giant (IceCv)
  2 fire dragons (Lair:6)
  10 hydras
  2 boulder beetles
  A catoblepas (Lair:5)
  2 two-headed ogres
  5 death yaks (IceCv)
  An orc high priest (Orc:2)
  A fire crab (shapeshifter) (D:12)
  3 fire crabs
  A swamp dragon (Lair:6)
  A wizard (D:13)
  An orc knight (Orc:2)
  2 necromancers
  2 lindwurms (Lair:6)
  5 oklob plants
  An orc sorcerer (Orc:1)
  4 ugly things
  3 cyclopes
  A manticore (D:13)
  12 elephants
  5 black mambas
  7 torpor snails
  Maurice (D:8)
  An ice statue (IceCv)
  An eye of devastation (Lair:3)
  9 cane toads
  A gargoyle (D:12)
  14 rime drakes
  9 komodo dragons
  2 freezing wraiths (D:12)
  3 meliai (D:13)
  5 polar bears
  6 hornets (Lair:6)
  4 trolls
  3 tyrant leeches (Lair:6)
  A slime creature (D:13)
  11 blink frogs
  A small abomination (Abyss:2)
  13 dream sheep
  A culicivora (D:13)
  2 wyverns
  A shadow (D:12)
  The ghost of Exaltedone87 the Shield-Bearer, an amateur DDFi (D:3)
  4 wraiths
  21 humans (D:13)
  47 yaks
  4 basilisks
  A water elemental (Abyss:2)
  A golden eye (Abyss:2)
  7 steam dragons
  8 vampire mosquitoes (D:11)
  3 redbacks (D:13)
  A neqoxec (Abyss:2)
  Menkaure (D:7)
  4 nagas (Lair:4)
  2 acid dragons
  4 wargs (Orc:2)
  20 water moccasins
  A floating eye (D:11)
  36 orc warriors
  A sky beast (D:7)
  2 swamp drakes (Lair:6)
  A hornet zombie (D:9)
  4 ice beasts
  4 black bears
  3 ogres
  2 necrophages
  The ghost of HallandMoats the Skirmisher, an amateur DsFi of Jiyva (D:3)
  34 wolves
  13 centaurs
  A phantom (D:6)
  3 kobold brigands
  21 bullfrogs
  3 scorpions
  A wyvern zombie (D:8)
  A wyvern skeleton (D:7)
  2 water moccasin skeletons
  The ghost of komi the Cudgeller, a weakling HOWn (D:3)
  8 wights
  3 howler monkeys
  A bullfrog zombie (D:5)
  A crimson imp (D:6)
  A bullfrog skeleton (D:3)
  A hound (D:6)
  8 centaur zombies
  The ghost of WaxSun the Conjurer, a weakling FeCj (D:3)
  A gnoll shaman (D:7)
  3 jellies
  34 orc priests
  Crazy Yiuf (D:7)
  A centaur skeleton (D:5)
  4 iguanas
  20 orc wizards
  2 hell rats
  3 yak simulacra (Lair:3)
  4 polar bear simulacra (Lair:3)
  A hound skeleton (D:5)
  A howler monkey zombie (D:9)
  9 gnolls
  4 adders
  8 river rats (Lair:6)
  4 white imps
  2 worms
  7 dart slugs
  78 orcs
  7 ball pythons
  10 endoplasms
  3 giant cockroaches
  7 hobgoblins
  19 kobolds
  3 quokkas
  3 training dummies (Orc:1)
  10 bats
  3 frilled lizards
  9 goblins
  4 rats
  4 river rat simulacra (Lair:3)
  63 fungi
  103 plants
887 creatures vanquished.

Notes
Turn   | Place    | Note
-------+----------+-------------------------------------------
     0 | D:1      | jfcaron the Gnoll Wanderer began the quest for the Orb.
     0 | D:1      | jfcaron set off with the following items: a +3 mace, a
                  | piece from Xom's chessboard (15/15), a +0 leather armour
     0 | D:1      | Reached XP level 1. HP: 23/23 MP: 1/1
   460 | D:1      | Reached XP level 2. HP: 29/29 MP: 2/2
   891 | D:1      | Found a faded altar of an unknown god.
   894 | D:1      | Prayed at the altar of an unknown god.
   894 | D:1      | Became a worshipper of Ashenzari the Shackled
  1122 | D:2      | Reached XP level 3. HP: 31/35 MP: 3/3
  1236 | D:2      | Reached skill level 1 in Invocations
  1319 | D:2      | Reached skill level 1 in Short Blades
  1319 | D:2      | Reached skill level 1 in Long Blades
  1319 | D:2      | Reached skill level 1 in Axes
  1319 | D:2      | Reached skill level 1 in Polearms
  1319 | D:2      | Reached skill level 1 in Staves
  1319 | D:2      | Reached skill level 1 in Slings
  1319 | D:2      | Reached skill level 1 in Bows
  1319 | D:2      | Reached skill level 1 in Crossbows
  1319 | D:2      | Reached skill level 1 in Throwing
  1319 | D:2      | Reached skill level 1 in Dodging
  1319 | D:2      | Reached skill level 1 in Stealth
  1319 | D:2      | Reached skill level 1 in Shields
  1319 | D:2      | Reached skill level 1 in Unarmed Combat
  1319 | D:2      | Reached skill level 1 in Spellcasting
  1430 | D:2      | Reached * piety under Ashenzari
  1453 | D:2      | Reached XP level 4. HP: 41/41 MP: 5/5
  1591 | D:2      | Found a sparkling altar of Nemelex Xobeh.
  1962 | D:3      | Reached skill level 1 in Conjurations
  1962 | D:3      | Reached skill level 1 in Hexes
  1962 | D:3      | Reached skill level 1 in Summonings
  1962 | D:3      | Reached skill level 1 in Necromancy
  1962 | D:3      | Reached skill level 1 in Translocations
  1962 | D:3      | Reached skill level 1 in Transmutations
  1962 | D:3      | Reached skill level 1 in Fire Magic
  1962 | D:3      | Reached skill level 1 in Ice Magic
  1962 | D:3      | Reached skill level 1 in Air Magic
  1962 | D:3      | Reached skill level 1 in Earth Magic
  1962 | D:3      | Reached skill level 1 in Poison Magic
  1977 | D:3      | Reached XP level 5. HP: 34/47 MP: 6/6
  2414 | D:3      | Found Jymos's Armour Shop.
  2627 | D:3      | Found a runed translucent gate.
  2627 | D:3      | Found a runed translucent gate.
  2627 | D:3      | Found a runed translucent gate.
  2628 | D:3      | Noticed HallandMoats's ghost (amateur DsFi)
  2628 | D:3      | Noticed Exaltedone87's ghost (amateur DDFi)
  2629 | D:3      | Noticed komi's ghost (weakling HOWn)
  2629 | D:3      | Noticed WaxSun's ghost (weakling FeCj)
  2629 | D:3      | Identified the +5 plate armour of the Turtle {*Corrode
                  | rElec rPois Int+2}
  2630 | D:3      | Reached ** piety under Ashenzari
  2945 | D:4      | Noticed an ogre
  2950 | D:4      | Noticed a necrophage
  2956 | D:4      | HP: 6/47 [necrophage (4)]
  2958 | D:4      | Killed an ogre
  2959 | D:4      | Reached skill level 5 in Maces & Flails
  2959 | D:4      | Reached XP level 6. HP: 8/56 MP: 8/10
  2960 | D:4      | Killed a necrophage
  3438 | D:4      | Reached XP level 7. HP: 56/62 MP: 11/11
  4163 | D:5      | Entered Level 5 of the Dungeon
  4500 | D:5      | Reached skill level 9 in Evocations
  4589 | D:5      | Reached XP level 8. HP: 64/69 MP: 12/14
  4595 | D:5      | Reached *** piety under Ashenzari
  5153 | D:5      | Reached **** piety under Ashenzari
  5838 | D:6      | Found a shadowy altar of Dithmenos.
  5892 | D:6      | Reached XP level 9. HP: 70/79 MP: 18/18
  6364 | D:6      | Found a burning altar of Makhleb.
  6367 | D:6      | Found Emmoschoi's Book Shop.
  6566 | D:3      | Bought a +2 helmet for 198 gold pieces
  6678 | D:7      | Found a hazy altar of Hepliaklqana.
  6707 | D:7      | Found a staircase to the Ecumenical Temple.
  6912 | D:7      | Noticed Menkaure
  6917 | D:7      | Killed Menkaure
  6918 | D:7      | Reached skill level 5 in Armour
  7124 | D:7      | Found a runed translucent door.
  7125 | D:7      | Noticed Crazy Yiuf
  7146 | D:7      | Killed Crazy Yiuf
  7158 | D:7      | Identified the cursed +3 mace of the Fated Affliction
                  | {Bglg, Melee}
  7158 | D:7      | Identified the cursed +0 pair of gloves "Unveiling
                  | Mistrust" {Comp, Cun} (You found it on level 1 of the
                  | Dungeon)
  7158 | D:7      | Identified the cursed +0 buckler of Ashenzari's Portent
                  | {Alch, Self} (You found it on level 3 of the Dungeon)
  7158 | D:7      | Identified the cursed +0 plate armour of Ashenzari's Regret
                  | {Fort, Alch} (You found it on level 1 of the Dungeon)
  7158 | D:7      | Identified the cursed ring "Cursed Soothsayer" {rPois,
                  | Melee, Range} (You found it on level 1 of the Dungeon)
  7158 | D:7      | Identified the cursed ring of Ashenzari's Burden {rC+,
                  | Self, Range} (You found it on level 5 of the Dungeon)
  7383 | D:7      | Reached skill level 5 in Invocations
  7501 | D:7      | Found an ancient bone altar of Kikubaaqudgha.
  7547 | D:7      | Found a faded altar of an unknown god.
  7548 | D:7      | Found a sacrificial altar of Ru.
  7548 | D:7      | Found a sparkling altar of Nemelex Xobeh.
  7552 | D:7      | Found an opulent altar of Gozag.
  7782 | D:7      | Reached XP level 10. HP: 82/87 MP: 21/21
  7903 | D:8      | Reached skill level 5 in Short Blades
  7903 | D:8      | Reached skill level 5 in Long Blades
  7903 | D:8      | Reached skill level 5 in Axes
  7903 | D:8      | Reached skill level 5 in Polearms
  7903 | D:8      | Reached skill level 5 in Staves
  7903 | D:8      | Reached skill level 5 in Slings
  7903 | D:8      | Reached skill level 5 in Bows
  7903 | D:8      | Reached skill level 5 in Crossbows
  7903 | D:8      | Reached skill level 5 in Throwing
  7903 | D:8      | Reached skill level 5 in Dodging
  7903 | D:8      | Reached skill level 5 in Stealth
  7903 | D:8      | Reached skill level 5 in Shields
  7903 | D:8      | Reached skill level 5 in Unarmed Combat
  7903 | D:8      | Reached skill level 5 in Spellcasting
  8029 | D:8      | Noticed Maurice
  8056 | D:8      | Killed Maurice
  8057 | D:8      | Reached skill level 10 in Evocations
  8444 | D:8      | Reached ***** piety under Ashenzari
  8486 | D:8      | Noticed a two-headed ogre
  8488 | D:8      | Killed a two-headed ogre
  8529 | D:8      | Found a hide-covered altar of Uskayaw.
  8924 | D:8      | Learned a level 1 spell: Animate Skeleton
  8927 | D:8      | Learned a level 2 spell: Corpse Rot
  8930 | D:8      | Learned a level 2 spell: Poisonous Vapours
  8934 | D:8      | Learned a level 3 spell: Vampiric Draining
  8939 | D:8      | Found Fitutu's Assorted Antiques.
  8945 | D:8      | Bought a silvery potion for 30 gold pieces
  9243 | D:9      | Found a staircase to the Lair.
  9261 | D:9      | Reached XP level 11. HP: 69/95 MP: 10/23
  9412 | D:9      | Found a runed translucent gate.
  9416 | D:9      | Found a runed translucent gate.
  9416 | D:9      | Found a runed translucent gate.
  9417 | D:9      | Noticed PerfectTommy's ghost (novice MiBe)
  9471 | D:9      | Found a staircase to the Orcish Mines.
 10085 | D:10     | Entered Level 10 of the Dungeon
 10101 | D:10     | Noticed a cyclops
 10122 | D:10     | Killed a cyclops
 10123 | D:10     | Reached skill level 5 in Conjurations
 10123 | D:10     | Reached skill level 5 in Hexes
 10123 | D:10     | Reached skill level 5 in Summonings
 10123 | D:10     | Reached skill level 5 in Necromancy
 10123 | D:10     | Reached skill level 5 in Translocations
 10123 | D:10     | Reached skill level 5 in Transmutations
 10123 | D:10     | Reached skill level 5 in Fire Magic
 10123 | D:10     | Reached skill level 5 in Ice Magic
 10123 | D:10     | Reached skill level 5 in Air Magic
 10123 | D:10     | Reached skill level 5 in Earth Magic
 10123 | D:10     | Reached skill level 5 in Poison Magic
 11170 | D:3      | Killed komi's ghost
 11189 | D:3      | Killed Exaltedone87's ghost
 11198 | D:3      | Killed HallandMoats's ghost
 11201 | D:3      | Killed WaxSun's ghost
 11390 | Lair:1   | Entered Level 1 of the Lair of Beasts
 11658 | Lair:1   | Noticed an eight-headed hydra
 11661 | Lair:1   | Killed an eight-headed hydra
 12140 | D:3      | Bought a +1 kite shield of cold resistance for 198 gold
                  | pieces
 12471 | Lair:1   | Noticed a six-headed hydra
 12476 | Lair:1   | Killed a six-headed hydra
 12494 | Lair:1   | Noticed Gastronok
 12518 | Lair:1   | Killed Gastronok
 12519 | Lair:1   | Reached skill level 11 in Evocations
 12519 | Lair:1   | Reached XP level 12. HP: 42/96 MP: 20/22
 13948 | Lair:2   | Identified the Volume of the Compass
 13956 | Lair:2   | Learned a level 2 spell: Blink
 14317 | Lair:3   | Reached skill level 10 in Fighting
 14763 | Lair:3   | Noticed a five-headed hydra
 14771 | Lair:3   | Killed a five-headed hydra
 14794 | Lair:3   | Found a staircase to the Shoals.
 14839 | Lair:3   | Noticed Urug
 14840 | Lair:3   | Noticed Urug
 14840 | Lair:3   | Urug changed into Urug the eye of devastation
 14852 | Lair:3   | Killed Urug the eye of devastation
 15185 | Lair:3   | Identified the +1 leather armour "Agi Ynoo" {-Tele Dex+6}
 15283 | Lair:3   | Reached XP level 13. HP: 103/103 MP: 24/24
 16349 | Lair:4   | Found a staircase to the Snake Pit.
 16989 | Lair:5   | Found a frozen archway.
 17001 | IceCv    | Entered an ice cave
 17583 | IceCv    | Reached skill level 12 in Evocations
 17890 | IceCv    | Noticed a frost giant
 17913 | IceCv    | Killed a frost giant
 18302 | IceCv    | Reached skill level 10 in Maces & Flails
 18302 | IceCv    | Reached XP level 14. HP: 113/113 MP: 26/26
 18616 | Lair:5   | Reached ****** piety under Ashenzari
 19157 | Lair:5   | Reached skill level 10 in Invocations
 19797 | Lair:6   | Entered Level 6 of the Lair of Beasts
 20750 | Lair:6   | Identified the +8 quarterstaff of Dipnan {flame, *Noise
                  | rElec rF++ Int+2}
 20769 | Lair:6   | Learned a level 5 spell: Lee's Rapid Deconstruction
 20775 | Lair:6   | Learned a level 5 spell: Irradiate
 21291 | Lair:6   | Identified a scroll of acquirement
 21299 | Lair:6   | Identified the +9 great sword of Heohuarphu {vorpal, rN+}
 21367 | Lair:6   | HP: 20/113 [lindwurm/blast of flame (35)]
 21373 | Lair:6   | Found a staircase to the Slime Pits.
 21717 | Lair:6   | Found a runed translucent door.
 21744 | Lair:6   | Reached skill level 10 in Armour
 22166 | Lair:6   | Reached XP level 15. HP: 120/120 MP: 28/28
 22619 | Lair:6   | Acquired a +4 ring of slaying
 23009 | Temple   | Entered the Ecumenical Temple
 23324 | D:11     | Paralysed by a floating eye for 4 turns
 23438 | D:11     | Identified the +1 ring mail "Mobb" {rCorr Int-4 Dex+4
                  | Slay+3}
 24326 | D:12     | Reached skill level 10 in Short Blades
 24326 | D:12     | Reached skill level 10 in Long Blades
 24326 | D:12     | Reached skill level 10 in Axes
 24326 | D:12     | Reached skill level 10 in Polearms
 24326 | D:12     | Reached skill level 10 in Staves
 24326 | D:12     | Reached skill level 10 in Slings
 24326 | D:12     | Reached skill level 10 in Bows
 24326 | D:12     | Reached skill level 10 in Crossbows
 24326 | D:12     | Reached skill level 10 in Throwing
 24326 | D:12     | Reached skill level 10 in Dodging
 24326 | D:12     | Reached skill level 10 in Stealth
 24326 | D:12     | Reached skill level 10 in Shields
 24326 | D:12     | Reached skill level 10 in Unarmed Combat
 24326 | D:12     | Reached skill level 10 in Spellcasting
 24549 | D:12     | Reached skill level 13 in Evocations
 25000 | Orc:1    | Entered Level 1 of the Orcish Mines
 25104 | Orc:1    | Found Kaof's Firing Range.
 25234 | Orc:2    | Entered Level 2 of the Orcish Mines
 25402 | Orc:2    | Found a staircase to the Elven Halls.
 25487 | Orc:2    | Found Deseydor's Distillery.
 25855 | Orc:2    | Bought a potion of heal wounds for 65 gold pieces
 25855 | Orc:2    | Bought a potion of heal wounds for 65 gold pieces
 25855 | Orc:2    | Bought a potion of curing for 39 gold pieces
 25855 | Orc:2    | Bought a potion of curing for 39 gold pieces
 25855 | Orc:2    | Bought a potion of curing for 39 gold pieces
 26109 | Orc:2    | Found Misi's Armour Shop.
 26137 | Orc:2    | Learned a level 5 spell: Summon Forest
 26345 | Orc:2    | Noticed an orc warlord
 26358 | Orc:2    | Noticed a sphinx
 26358 | Orc:2    | an orc warlord changed into a sphinx
 26377 | Orc:1    | Found Modoah's Book Emporium.
 27096 | Orc:1    | Killed a sphinx
 27310 | Orc:2    | Found Akofiot's Antique Armour Emporium.
 27314 | Orc:2    | Found Peabruiz's Antique Weapon Shoppe.
 27958 | Orc:2    | Bought a twisted long sword for 323 gold pieces
 27958 | Orc:2    | Identified the +5 long sword "Itadwal" {drain, Dex+5} (You
                  | bought it in a shop on level 2 of the Orcish Mines)
 27968 | Orc:2    | Bought a shiny helmet for 180 gold pieces
 27976 | Orc:2    | Bought an iridescent hand crossbow for 323 gold pieces
 27976 | Orc:2    | Identified the +0 hand crossbow "Raifeohuma" {vorpal, Str+3
                  | Int+3} (You bought it in a shop on level 2 of the Orcish
                  | Mines)
 28238 | Orc:1    | Paralysed by an orc sorcerer for 5 turns
 28979 | D:7      | Fell from the grace of Ashenzari
 28979 | D:7      | Became a worshipper of Gozag Ym Sagoz the Greedy
 31273 | D:13     | HP: 23/120 [meliai (7)]
 31273 | D:13     | HP: 8/120 [meliai (9)]
 32016 | D:13     | Cast into level 2 of the Abyss (a wizard)
 32073 | Abyss:2  | Gained mutation: You are frail. (-10% HP) [a neqoxec]
 32399 | Abyss:3  | HP: 18/108 [rock wall collision (11)]
 32404 | Abyss:3  | HP: 13/108 [thrashing horror (5)]
 32416 | Abyss:3  | Found a corrupted altar of Lugonu.
 32423 | Abyss:3  | Fell from the grace of Gozag
 32423 | Abyss:3  | Became a worshipper of Lugonu the Unformed
 32423 | Abyss:3  | Reached * piety under Lugonu
 32424 | D:13     | Escaped the Abyss
 33145 | D:13     | HP: 3/106 [slime creature (21)]
 33145 | D:13     | Mangled by a large slime creature

Illustrated notes

Levels and vault maps discovered:
D:1:      psy_arrival_basics, layout_basic,
          shapermc_ecumenical_altar_mp_ritualfount, st_stairs_13,
          minmay_pentomino_p4
D:2:      layout_basic, basic_altar, lemuel_old_faithful
D:3:      kennysheep_slugbush, layout_rooms, serial_shops, shop,
          gammafunk_ghost_cemetery
D:4:      layout_loops_ring, minivault_27, st_stairs_13, minmay_pentomino_pile
D:5:      layout_loops_cross, kennysheep_path_1
D:6:      layout_cave_pools, amcnicky_altar_gilded, makhleb_grotto_becter,
          serial_shops, nicolae_shop_trees
D:7:      layout_rooms, mainiacjoe_overflow_alcove_1,
          chequers_temple_overflow_minitemple, minmay_temple_entry_junction,
          uniq_menkaure, uniq_crazy_yiuf_cottage
D:8:      layout_basic, eat_drink_and_be_merry_uskayaw, serial_shops,
          shop_fountains, st_stairs_5, uniq_maurice
D:9:      layout_loops_ring, due_lair_maze_entry_diamond, david_orc_3,
          gammafunk_ghost_nasty_kobolds
D:10:     layout_small_grid, hangedman_abyss_or_decor_lesser_grid
D:11:     layout_basic
D:12:     layout_basic
D:13:     layout_grid_maze, grunt_vaults_entry_tiered, corexii_corridor_pit,
          okawaru_metal_pillars_1_2
Temple:   dpeg_chambers_temple
Lair:1:   layout_cellular_growth, infiniplex_staircase_pool, uniq_gastronok
Lair:2:   layout_long_grid, eino_small_chamber_without_monster,
          grunt_megastairs_2
Lair:3:   layout_small_grid, elwin_shoals_entry_rocks, eino_house_with_fridge,
          serial_bayou_shore_b, uniq_urug
Lair:4:   layout_hall_layers, minmay_snake_entry_guardpost_small, minivault_19,
          serial_bayou_crossing
Lair:5:   layout_hall_layers, portal_ice_cave_rime, serial_bayou,
          serial_bayou_pond_b, serial_bayou_shore_b, serial_bayou_pond_e,
          serial_bayou_pond_b
Lair:6:   guppyfry_lair_end_dragon, layout_cave_shapes, wormcave,
          minmay_slime_entry_oklob_open, minivault_11,
          chequers_serial_rivers_micro_d, kennysheep_rathole
Orc:1:    layout_diamond_mine, serial_shops, nicolae_square_shop,
          nicolae_shop_firing_range
Orc:2:    grunt_orc_community_town_hall, layout_caves,
          grunt_orc_community_big_house_2, grunt_orc_community_big_house_1,
          grunt_orc_community_house_2, grunt_orc_community_house_2,
          grunt_orc_community_house_3, grunt_orc_community_house_1,
          grunt_orc_community_house_1, grunt_orc_community_house_3, basic_altar

Skill      XL: |  1  2  3  4  5  6  7  8  9 10 11 12 13 14 15 |
---------------+----------------------------------------------+-----
Invocations    | 1 2 3 4 5 6 7 8 9 10 11 | 11.3
Short Blades   | 1 2 3 4 5 6 7 8 9 10 | 10.4
Long Blades    | 1 2 3 4 5 6 7 8 9 10 | 10.4
Axes           | 1 2 3 4 5 6 7 8 9 10 | 10.4
Polearms       | 1 2 3 4 5 6 7 8 9 10 | 10.4
Staves         | 1 2 3 4 5 6 7 8 9 10 | 10.4
Slings         | 1 2 3 4 5 6 7 8 9 10 | 10.4
Bows           | 1 2 3 4 5 6 7 8 9 10 | 10.4
Crossbows      | 1 2 3 4 5 6 7 8 9 10 | 10.4
Throwing       | 1 2 3 4 5 6 7 8 9 10 | 10.4
Dodging        | 1 2 3 4 5 6 7 8 9 10 | 10.4
Stealth        | 1 2 3 4 5 6 7 8 9 10 | 10.4
Shields        | 1 2 3 4 5 6 7 8 9 10 | 10.4
Unarmed Combat | 1 2 3 4 5 6 7 8 9 10 | 10.4
Spellcasting   | 1 2 3 4 5 6 7 8 9 10 | 10.4
Conjurations   | 1 2 3 4 5 6 7 8 |  8.7
Hexes          | 1 2 3 4 5 6 7 8 |  8.7
Summonings     | 1 2 3 4 5 6 7 8 |  8.7
Necromancy     | 1 2 3 4 5 6 7 8 |  8.7
Translocations | 1 2 3 4 5 6 7 8 |  8.7
Transmutations | 1 2 3 4 5 6 7 8 |  8.7
Fire Magic     | 1 2 3 4 5 6 7 8 |  8.7
Ice Magic      | 1 2 3 4 5 6 7 8 |  8.7
Air Magic      | 1 2 3 4 5 6 7 8 |  8.7
Earth Magic    | 1 2 3 4 5 6 7 8 |  8.7
Poison Magic   | 1 2 3 4 5 6 7 8 |  8.7
Armour         | 3 4 5 6 7 8 9 10 | 10.7
Maces & Flails | 5 6 7 8 9 10 11 | 11.4
Fighting       | 7 8 9 10 11 12 | 12.2
Evocations     | 9 10 11 12 13 | 13.2

Action                   |  1- 3 |  4- 6 |  7- 9 | 10-12 | 13-15 || total
-------------------------+-------+-------+-------+-------+-------++-------
Melee: Mace              |    80 |    89 |   269 |   235 |       ||   673
       Bite              |     4 |     3 |    32 |    82 |   161 ||   282
       Punch             |     2 |     3 |       |       |       ||     5
       Unarmed           |       |       |     5 |       |       ||     5
       Flail             |       |       |       |   328 |   983 ||  1311
       Long sword        |       |       |       |       |   176 ||   176
 Fire: Hand crossbow     |       |       |       |       |     6 ||     6
Throw: Boomerang         |    51 |       |    46 |    80 |    52 ||   229
       Stone             |    23 |   133 |    85 |   109 |   459 ||   809
       Dart              |       |     3 |    50 |    38 |   176 ||   267
       Javelin           |       |     2 |     1 |     6 |    43 ||    52
 Cast: Poisonous Vapours |       |       |       |    19 |       ||    19
       Animate Skeleton  |       |       |       |    51 |   110 ||   161
       Vampiric Draining |       |       |       |     3 |     3 ||     6
       Corpse Rot        |       |       |       |     5 |     7 ||    12
       Lee's Rapid Decon |       |       |       |       |     4 ||     4
       Blink             |       |       |       |       |     2 ||     2
       Summon Forest     |       |       |       |       |     1 ||     1
       Irradiate         |       |       |       |       |     1 ||     1
Invok: Curse Item        |     2 |     1 |     4 |     5 |     2 ||    14
       Shatter the Chain |       |       |       |     4 |       ||     4
       Depart the Abyss  |       |       |       |       |     1 ||     1
Evoke: Piece from Xom's  |     1 |       |     4 |     9 |     6 ||    20
       Wand              |       |       |       |    26 |    40 ||    66
       Condenser vane    |       |       |       |       |     3 ||     3
       Lightning rod     |       |       |       |       |     6 ||     6
  Use: Scroll            |       |     1 |       |       |     9 ||    10
       Potion            |       |     1 |       |       |     6 ||     7
 Stab: Invisible         |       |     1 |       |     1 |       ||     2
       Confused          |       |       |     1 |       |       ||     1
       Distracted        |       |       |       |     4 |     5 ||     9
       Sleeping          |       |       |       |     1 |     4 ||     5
       Paralysed         |       |       |       |     1 |     6 ||     7
       Petrified         |       |       |       |       |     1 ||     1
Armor: Leather armour    |     2 |       |       |       |       ||     2
       Ring mail         |     7 |       |       |       |       ||     7
       Plate armour      |    32 |    54 |   185 |    77 |   204 ||   552
       Steam dragon scal |       |       |       |    28 |       ||    28
       Acid dragon scale |       |       |       |   185 |   331 ||   516
       Skin              |       |       |       |       |     3 ||     3
Dodge: Dodged            |    27 |    12 |    62 |   286 |   474 ||   861
Block: Buckler           |       |    13 |    69 |    85 |     1 ||   168
       Kite shield       |       |       |       |   141 |   534 ||   675
       Tower shield      |       |       |       |       |   207 ||   207
